Map: Pillars of Gold LE

Players

Future

  • Race: Terran Terran
  • Spawn Location: 7:00

MCanning - Winner!

  • Race: Protoss Protoss
  • Spawn Location: 1:00

Event: DreamHack SC2 Masters 2020 Fall

VOD

Have the link to the VOD?

Description

Time

  • Played on: Sept. 10, 2020, 5:43 p.m.
  • Length: 14:37

All games in this series

Show
View Real Time Build Order
Export as new Build Order

Future Terran 

Build Orders: Cyclone Opening 

Get SALT Encoding   

  12  0:00  SCV  
  13  0:12  SCV  
  14  0:18  Supply Depot  
  14  0:24  SCV  
  15  0:40  SCV  
  15  0:41  Barracks  
  16  0:47  Refinery  
  16  0:52  SCV  
  17  0:58  Refinery  
  17  1:04  SCV  
  18  1:17  SCV  
  19  1:28  Reaper  
  19  1:29  Orbital Command  
  20  1:39  Unknown  
  20  1:47  Factory  
  20  1:54  SCV  
  22  2:01  Reaper  
  22  2:06  SCV  
  22  2:07  Supply Depot  
  23  2:29  SCV  
  24  2:30  Factory Tech Lab  
  24  2:41  SCV  
  25  2:47  Command Center  
  25  2:48  Cyclone  
  28  2:53  SCV  
  29  2:58  Supply Depot  
  29  3:05  SCV  
  30  3:13  Starport  
  30  3:19  SCV  
  31  3:27  Siege Tank  
  31  3:31  SCV  
  35  3:36  Barracks  
  35  3:43  SCV  
  36  3:49  Supply Depot  
  36  3:55  SCV  
  36  3:56  Starport Tech Lab  
  37  4:02  Barracks Reactor  
  37  4:05  Siege Tank  
  37  4:07  Barracks  
  37  4:08  SCV  
  41  4:19  Orbital Command  
  41  4:20  SCV  
  42  4:29  Engineering Bay  
  42  4:32  SCV  
  42  4:34  Refinery  
  42  4:35  Stimpack  
  43  4:39  Marine x2  
  43  4:41  Marine  
  43  4:45  SCV  
  47  4:46  SCV  
  47  4:50  Starport Reactor  
  47  4:51  Factory Reactor  
  48  4:55  Terran Infantry Weapons Level 1  
  48  4:57  SCV  
  48  4:58  SCV  
  50  5:04  Supply Depot  
  50  5:05  Missile Turret  
  50  5:06  Marine  
  51  5:10  Marine  
  51  5:11  SCV  
  51  5:12  SCV  
  54  5:14  Marine  
  54  5:15  Marine  
  54  5:19  Combat Shield  
  56  5:24  SCV  
  56  5:25  SCV  
  56  5:26  Supply Depot  
  58  5:31  Supply Depot  
  58  5:35  Marine x2  
  58  5:37  SCV x2  
  58  5:39  Marauder  
  64  5:43  Marauder  
  64  5:49  SCV x2  
  68  5:50  Supply Depot  
  68  5:53  Medivac  
  68  5:54  Medivac  
  68  5:56  Marine x2  
  73  5:59  Widow Mine  
  73  6:01  Widow Mine  
  77  6:04  Supply Depot  
  77  6:06  Marauder  
  77  6:10  Marauder  
  81  6:14  Refinery  
  81  6:15  Supply Depot  
  81  6:16  Marine  
  81  6:17  Marine  
  83  6:19  SCV x2  
  84  6:26  Supply Depot  
  84  6:30  Marauder  
  84  6:31  Marauder  
  88  6:33  Marine  
  88  6:34  Medivac x2, Marine  
  88  6:36  Concussive Shells  
  94  6:45  Supply Depot  
  93  6:48  Supply Depot  
  93  6:51  Marauder, Marine  
  93  6:52  Marine  
  93  6:53  Marauder  
  99  6:55  Terran Infantry Armor Level 1  
  99  7:03  Widow Mine x2, Supply Depot  
  103  7:12  Marine  
  103  7:13  Marine  
  105  7:16  Marauder x2  
  109  7:26  SCV x2  
  109  7:28  Barracks x2  
  111  7:37  Command Center  
  107  7:47  Marauder x2, Marine x2  
  113  7:55  SCV  
  105  8:01  SCV  
  96  8:07  SCV  
  96  8:08  Marauder x2  
  96  8:09  Marine x2  
  103  8:13  SCV  
  103  8:17  Medivac x2  
  109  8:20  Barracks Tech Lab, SCV, Barracks Reactor  
  109  8:25  SCV  
  110  8:31  Marauder  
  110  8:32  Marauder, SCV, Marine x2  
  117  8:37  SCV  
  117  8:38  Widow Mine x2  
  122  8:44  SCV  
  123  8:49  SCV  
  123  8:55  Marauder x3  
  129  9:00  Medivac x2  
  129  9:01  Orbital Command  
  133  9:05  Missile Turret, SCV x2  
  135  9:10  Sensor Tower  
  135  9:21  Command Center  
  134  9:28  Armory, Engineering Bay, Marauder  
  134  9:29  Marauder  
  138  9:34  Marauder, Marine x2  
  138  9:35  Marine  
  142  9:51  Medivac x2  
  144  9:53  Widow Mine  
  144  9:54  Marauder x2, Widow Mine  
  144  9:55  Marine  
  144  9:56  Marauder, Marine x2  
  144  9:59  Refinery  
  155  10:01  Refinery  
  155  10:07  Supply Depot  
  155  10:09  Supply Depot  
  155  10:17  Widow Mine  
  155  10:18  Widow Mine  
  159  10:28  Marauder x3, Marine x2  
  163  10:29  Marine x2  
  167  10:36  SCV x3  
  167  10:39  Terran Infantry Weapons Level 2  
  167  10:41  Terran Infantry Armor Level 2  
  170  10:45  Medivac x2  
  174  10:56  Marauder x2  
  174  10:57  Marauder, Marine  
  180  10:58  Marine x3  
  180  11:03  SCV x3  
  187  11:08  Planetary Fortress  
  187  11:10  Missile Turret  
  187  11:18  SCV  
  187  11:19  Sensor Tower, SCV x2  
  188  11:30  SCV  
  188  11:31  SCV x2  
  180  11:32  Medivac  
  180  11:38  Marauder  
  180  11:39  Marauder x2  
  171  11:47  SCV x3  
  171  11:48  SCV  
  171  11:53  Marine x4  
  177  11:59  SCV x3  
  177  12:00  SCV  
  181  12:07  Marauder x2  
  181  12:08  Marauder  
  187  12:11  Marine x3  
  187  12:12  Viking  
  187  12:13  Viking  
  181  12:26  SCV x3  
  181  12:27  SCV  
  181  12:29  Marauder x2  
  189  12:31  Marauder, Marine  
  189  12:32  Marine x2  
  189  12:33  Marine  
  189  12:35  Widow Mine x2  
  196  12:38  SCV x2  
  192  12:49  Marine x2  
  192  12:50  Marauder  
  196  12:54  Marauder  
  196  12:55  SCV  
  196  12:56  SCV, Supply Depot  
  196  13:04  Sensor Tower  
  196  13:13  SCV  
  196  13:18  SCV  
  197  13:20  Ghost Academy  
  197  13:25  Command Center  
  193  13:37  Marauder x2  
  193  13:38  Marauder  
  193  13:39  SCV x2  
  150  14:19  Marine  
Show
View Real Time Build Order
Export as new Build Order

MCanning Protoss - Winner!

Build Orders: Blink Stalkers 

Get SALT Encoding   

  12  0:00  Probe  
  13  0:12  Probe  
  14  0:17  Pylon  
  14  0:24  Probe  
  15  0:36  Gateway  
  15  0:38  Probe (Chrono Boost)  
  16  0:48  Assimilator, Probe (Chrono Boost)  
  17  0:53  Probe (Chrono Boost)  
  18  1:05  Probe  
  19  1:14  Unknown  
  19  1:15  Unknown x2  
  19  1:17  Probe  
  20  1:20  Assimilator  
  20  1:24  Zealot, Cybernetics Core  
  22  1:29  Probe  
  22  1:31  Pylon  
  23  1:49  Probe  
  24  1:59  Stalker (Chrono Boost)  
  24  2:01  Probe  
  25  2:02  Warp Gate  
  27  2:13  Probe  
  29  2:25  Probe  
  29  2:28  Sentry  
  30  2:33  Nexus  
  30  2:40  Pylon  
  30  2:44  Probe  
  31  2:56  Pylon  
  31  3:02  Twilight Council, Probe  
  31  3:14  Probe (Chrono Boost)  
  32  3:24  Gateway  
  32  3:25  Probe (Chrono Boost)  
  33  3:30  Probe (Chrono Boost)  
  33  3:31  Gateway  
  33  3:33  Blink (Chrono Boost)  
  35  3:43  Probe (Chrono Boost)  
  35  3:45  Probe (Chrono Boost)  
  38  3:55  Probe (Chrono Boost)  
  38  3:57  Probe (Chrono Boost)  
  38  4:00  Probe (Chrono Boost)  
  38  4:01  Robotics Facility  
  39  4:05  Probe  
  40  4:11  Probe  
  40  4:16  Stalker  
  44  4:17  Probe  
  44  4:23  Probe  
  45  4:24  Pylon  
  45  4:29  Probe  
  45  4:30  Sentry  
  48  4:35  Probe  
  49  4:41  Probe  
  49  4:43  Nexus  
  50  4:47  Probe  
  50  4:48  Pylon  
  50  4:50  Observer  
  52  4:57  Probe  
  54  5:00  Probe  
  54  5:07  Gateway  
  54  5:09  Gateway, Charge (Chrono Boost)  
  54  5:11  Observer  
  54  5:12  Gateway  
  55  5:15  Probe  
  56  5:22  Probe  
  56  5:23  Gateway  
  56  5:27  Probe  
  58  5:32  Shield Battery  
  58  5:33  Stalker  
  58  5:34  Probe  
  61  5:37  Robotics Bay  
  61  5:40  Probe  
  62  5:43  Stalker  
  62  5:47  Probe  
  65  5:50  Pylon  
  65  5:52  Probe  
  66  5:59  Probe x2  
  66  6:00  Immortal (Chrono Boost)  
  72  6:05  Probe  
  72  6:08  Zealot, Pylon  
  75  6:12  Probe  
  75  6:15  Stalker  
  75  6:16  Stalker  
  80  6:23  Probe  
  80  6:25  Pylon  
  81  6:28  Probe  
  81  6:30  Assimilator  
  81  6:32  Disruptor (Chrono Boost)  
  85  6:33  Zealot x3  
  85  6:38  Pylon  
  91  6:44  Zealot x3  
  97  6:49  Stalker  
  99  6:55  Pylon  
  99  6:56  Zealot  
  101  7:04  Zealot x2  
  101  7:05  Zealot x2  
  107  7:09  Disruptor (Chrono Boost)  
  107  7:15  Zealot x2  
  114  7:18  Pylon  
  114  7:19  Pylon  
  114  7:20  Pylon  
  114  7:28  Cybernetics Core  
  114  7:32  Zealot  
  114  7:36  Disruptor (Chrono Boost)  
  119  7:45  Zealot x5  
  128  7:55  Zealot  
  117  8:04  Disruptor (Chrono Boost)  
  108  8:07  Zealot x3  
  108  8:08  Zealot x2  
  118  8:13  Probe  
  118  8:14  Assimilator  
  118  8:15  Probe  
  118  8:17  Forge  
  118  8:19  Forge, Assimilator  
  120  8:20  Assimilator  
  120  8:24  Zealot  
  122  8:29  Gateway  
  122  8:30  Gateway  
  122  8:35  Probe  
  122  8:38  Shield Battery, Probe  
  122  8:39  Disruptor (Chrono Boost)  
  122  8:40  Protoss Ground Armor Level 1  
  122  8:41  Twilight Council  
  122  8:45  Zealot x2  
  122  8:46  Zealot x2  
  122  8:47  Protoss Ground Weapons Level 1  
  127  8:56  Zealot x2  
  123  9:04  Colossus (Chrono Boost)  
  123  9:09  Zealot x4  
  137  9:15  Pylon  
  137  9:18  Stalker x2  
  137  9:22  Probe  
  140  9:29  Dark Shrine  
  140  9:31  Pylon  
  140  9:33  Stalker x2  
  140  9:34  Extended Thermal Lance (Chrono Boost)  
  140  9:45  Zealot  
  140  9:46  Zealot x2  
  144  10:04  Stalker x2  
  144  10:06  Pylon  
  148  10:09  Pylon  
  148  10:12  Colossus (Chrono Boost)  
  144  10:15  Pylon  
  144  10:17  Pylon  
  148  10:28  Stalker x4  
  152  10:34  Observer  
  156  10:36  Probe x2  
  156  10:37  Probe  
  156  10:41  Stalker  
  155  10:43  Dark Templar  
  155  10:45  Dark Templar  
  155  10:48  Probe  
  155  10:49  Probe  
  161  10:52  Protoss Ground Weapons Level 2 (Chrono Boost)  
  161  10:56  Colossus  
  167  10:57  Protoss Ground Armor Level 2 (Chrono Boost)  
  167  11:16  Zealot x4  
  173  11:24  Stalker x3  
  173  11:25  Stalker  
  171  11:46  Zealot x2, Colossus (Chrono Boost)  
  167  11:49  Dark Templar  
  174  12:00  Probe  
  173  12:03  Stalker x4  
  181  12:13  Dark Templar  
  169  12:18  Nexus  
  169  12:20  Probe  
  169  12:21  Pylon  
  168  12:33  Disruptor (Chrono Boost)  
  165  12:38  Zealot  
  165  12:39  Zealot x3  
  165  12:41  Probe  
  174  12:45  Stalker x3  
  180  12:55  Probe  
  180  12:58  Stalker  
  179  13:00  Probe  
  179  13:04  Probe  
  181  13:07  Probe  
  181  13:11  Dark Templar x2  
  181  13:12  Probe  
  187  13:21  Dark Templar  
  187  13:25  Observer  
  189  13:29  Disruptor (Chrono Boost)  
  189  13:32  Dark Templar x2  
  194  13:36  Stalker  
  166  14:21  Nexus  
  123  14:32  Zealot x2  
  123  14:33  Zealot x4  
  123  14:34  Zealot  

Tags
 
Add a new tag
Caveats
  • Supply blocks, unpowered buildings, or Contaminate may cause inaccurate times.
  • Supply counts are checked every 10 seconds.